 Dungeon Crawl Stone Soup version 0.29.1-4-g47bece8355 (webtiles) character file.

Game seed: 11257456791745331176

688 Hiippo the Cudgeller (level 7, -5/57 (58) HPs)
             Began as a Formicid Fighter on Dec 1, 2022.
             Was a Follower of Uskayaw.
             Killed by divine providence
             ... invoked by an orc priest
              (10 damage)
             ... on level 5 of the Dungeon.
             The game lasted 00:27:16 (5623 turns).

Hiippo the Cudgeller (Formicid Fighter)             Turns: 5623, Time: 00:27:17

HP:   -5/57 (58)    AC:  6    Str: 22    XL:     7   Next: 94%
MP:   5/7           EV:  9    Int:  8    God:    Uskayaw [*.....]
Gold: 197           SH:  5    Dex: 13    Spells: 6/6 levels left

rFire   . . .      SeeInvis +   j - +1 flail (holy)
rCold   . . .      Faith    .   c - +0 buckler
rNeg    . . .      Spirit   .   b - +0 scale mail
rPois   +          Reflect  .   (helmet unavailable)
rElec   .          Harm     .   (no cloak)
rCorr   .          Rampage  .   (no gloves)
Will    .....                   (no boots)
Stlth   ..........              (no amulet)
HPRegen 0.19/turn               l - ring of poison resistance
MPRegen 0.10/turn               (no ring)

@: lightly drained
A: permanent stasis, dig shafts and tunnels, antennae 3, four strong arms
a: Dig, Shaft Self, Renounce Religion, Stomp


You were on level 5 of the Dungeon.
You worshipped Uskayaw.
Uskayaw was noncommittal.
You visited 2 branches of the dungeon, and saw 6 of its levels.
You also visited: Sewer.

You collected 301 gold pieces.
You spent 104 gold pieces at shops.

Inventory:

Hand Weapons
 a - a +0 flail
 e - the +6 dagger of Armageddon {drain, +Blink}
   (You found it on level 2 of the Dungeon)

   A truly terrible weapon, it drains the life of any living foe it strikes.
   +Blink:    It lets you blink.
 j - a +1 flail of holy wrath (weapon)
Missiles
 s - 3 poisoned darts
 t - 11 stones (quivered)
Armour
 b - a +0 scale mail (worn)
 c - a +0 buckler (worn)
Jewellery
 l - a ring of poison resistance (left hand)
Wands
 d - a wand of paralysis (5)
Scrolls
 f - a scroll of fog
 g - a scroll of noise
 i - a scroll of poison
 k - a scroll of magic mapping {unknown}
 p - a scroll of enchant weapon {unknown}
 q - a scroll of fear {unknown}
 r - 4 scrolls of silence {unknown}
 u - 2 scrolls of identify
Potions
 h - a potion of degeneration
 m - 2 potions of flight
 n - a potion of berserk rage
 o - a potion of mutation {unknown}


   Skills:
 + Level 6.1 Fighting
 * Level 6.8 Maces & Flails
 - Level 3.2 Armour
 - Level 4.0 Shields


You had 6 spell levels left.
You didn't know any spells.
Your spell library contained the following spells:

 Spells                   Type           Power      Damage    Failure   Level
 Beastly Appendage        Tmut           0%         N/A       80%         1
 Wereblood                Tmut           0%         N/A       91%         2
 Gell's Gravitas          Tloc           0%         N/A       99%         3
 Lesser Beckoning         Tloc           0%         N/A       99%         3
 Spider Form              Tmut/Pois      0%         N/A       99%         3
 Teleport Other           Tloc           0%         N/A       99%         3


Dungeon Overview and Level Annotations

Branches:
Dungeon (5/15)             Temple (1/1) D:4           Sewer (visited)

Altars:
Ashenzari
Dithmenos
Fedhas
Gozag
Hepliaklqana
Nemelex Xobeh
Ru
Trog
Uskayaw
Jiyva

Shops:
D:5 ?


Innate Abilities, Weirdness & Mutations

You cannot be hasted, slowed, berserked, paralysed or teleported.
You can dig through walls and to a lower floor.
You have a pair of large antennae on your head. (SInv)
Your four strong arms can wield two-handed weapons with a shield.


Message History

The orc priest hits you with a +0 club.
You can now stomp with the beat.
The orc priest shouts!
You hit the orc priest.
You kill the orc priest!
You hear a shout!
The orc priest calls down the wrath of Beogh upon you.
Beogh smites you!
An orc priest comes into view. It is wielding a +0 whip.
Things that are here:
a +0 club; a +0 leather armour; an orc corpse You hit the orc priest.
The orc priest is moderately wounded.
The orc priest hits you with a +0 hand axe.
You can now pass through a line of other dancers.
You hit the orc priest but do no damage.
The orc priest is moderately wounded.
The orc priest calls down the wrath of Beogh upon you.
Pain shoots through your body!
The orc priest calls upon Beogh to heal the orc priest.
The orc priest's wounds heal themselves!
The orc priest hits you with a +0 hand axe.
The orc priest mumbles some strange prayers to Beogh against you.
Beogh smites you!
* * * LOW HITPOINT WARNING * * *
You hit the orc priest but do no damage.
The orc priest hits you with a +0 hand axe.
* * * LOW HITPOINT WARNING * * *
You can no longer pass through a line of other dancers.
You hit the orc priest but do no damage.
The orc priest hits you with a +0 hand axe.
* * * LOW HITPOINT WARNING * * *
As you read the scroll of fog, it crumbles to dust.
The scroll dissolves into smoke.
The orc priest barely misses you.
The orc priest attacks as you move away!
The orc priest hits you with a +0 hand axe.
* * * LOW HITPOINT WARNING * * *
The orc priest calls down the wrath of Beogh upon you.
Beogh smites you!
You die...

.....###.....'..∩..'.#
...#.......#.###.###..###
..........##...#.####...#
..#....[#.....##'#..#...#
....<.......####........#
#........#### ##...#..##
#.........### ##...# #
............####....#..#
##.........{#o##@......#
#........o..)#o§§###.....
#.......)...?#§§§#####...
.............§§§§§.# ...
#....................###
#........)...........#
#######...............
#.........#.....
#........#######


You could see an orc priest.

Vanquished Creatures
  An ice beast (D:5)
  An ogre (D:3)
  A scorpion (D:5)
  A bullfrog (Sewer)
  An orc priest (D:5)
  2 iguanas (D:4)
  9 gnolls (D:4)
  8 adders
  A worm (D:4)
  A dart slug (D:1)
  7 orcs
  12 endoplasms
  16 giant cockroaches
  9 goblins
  6 hobgoblins
  7 kobolds
  19 quokkas
  9 ball pythons
  4 bats
  15 frilled lizards
  3 rats
133 creatures vanquished.

Vanquished Creatures (others)
  11 plants (D:4)
11 creatures vanquished.

Grand Total: 144 creatures vanquished

Notes
Turn   | Place    | Note
-------+----------+-------------------------------------------
     0 | D:1      | Hiippo the Formicid Fighter began the quest for the Orb.
     0 | D:1      | Reached XP level 1. HP: 18/18 MP: 1/1
   150 | D:1      | Reached XP level 2. HP: 21/24 MP: 2/2
   580 | D:1      | Reached XP level 3. HP: 30/30 MP: 3/3
   920 | D:2      | Identified the +6 dagger of Armageddon {drain, +Blink}
  1769 | D:2      | Reached XP level 4. HP: 37/37 MP: 4/4
  2396 | D:3      | Found a glowing drain.
  2468 | Sewer    | Entered a sewer
  2690 | Sewer    | Reached XP level 5. HP: 43/43 MP: 5/5
  3242 | Sewer    | Noticed a bullfrog
  3251 | Sewer    | Killed a bullfrog
  3252 | Sewer    | Reached XP level 6. HP: 32/50 MP: 6/6
  3828 | D:3      | Noticed an ogre
  3857 | D:3      | Reached skill level 5 in Maces & Flails
  3865 | D:3      | Killed an ogre
  3866 | D:3      | Reached skill level 5 in Fighting
  4161 | D:4      | Reached XP level 7. HP: 39/53 MP: 7/7
  4688 | D:4      | Found a staircase to the Ecumenical Temple.
  4702 | Temple   | Entered the Ecumenical Temple
  4767 | Temple   | Became a worshipper of Uskayaw the Reveller
  4785 | D:4      | Reached * piety under Uskayaw
  4789 | D:4      | Reached ** piety under Uskayaw
  5398 | D:5      | Entered Level 5 of the Dungeon
  5408 | D:5      | Found Saor's Magic Scroll Emporium.
  5413 | D:5      | Bought a scroll of identify for 26 gold pieces
  5413 | D:5      | Bought a scroll of fog for 52 gold pieces
  5413 | D:5      | Bought a scroll of identify for 26 gold pieces
  5623 | D:5      | Killed from afar by an orc priest

Illustrated notes

Levels and vault maps discovered:
D:1:      dpeg_arrival_solitude, layout_basic, ebering_dispersal_statue_hall,
          minmay_quantized
D:2:      layout_basic, chequers_serial_rivers_micro_c
D:3:      layout_basic, gup_sewer_entry_pipe, grunt_decor_one_mirror
D:4:      layout_rooms, minmay_temple_entry_large_hall, chequers_big_river,
          grunt_ministairs_1
D:5:      layout_cave_pools, minitemple, serial_shops, nicolae_shop_hallway_plus
Temple:   pf_slimified_temple

Skill      XL: |  1  2  3  4  5  6  7 |
---------------+----------------------+-----
Maces & Flails | 3 4 5 6 |  6.8
Fighting       | 4 5 6 |  6.1
Armour         | |  3.2
Shields        | |  4.0

Action                   |  1- 3 |  4- 6 |  7- 9 || total
-------------------------+-------+-------+-------++-------
Melee: Flail             |   102 |   225 |    92 ||   419
Throw: Stone             |     9 |     9 |     9 ||    27
       Dart              |       |    10 |     3 ||    13
Invok: Stomp             |       |       |     2 ||     2
 Abil: Dig               |       |     8 |     4 ||    12
  Use: Scroll            |     4 |     5 |     1 ||    10
       Potion            |     2 |     3 |       ||     5
Armor: Scale mail        |    46 |    76 |    15 ||   137
       Skin              |       |     2 |       ||     2
Dodge: Dodged            |    53 |    69 |    31 ||   153
Block: Buckler           |    36 |    56 |    17 ||   109
